 Dungeon Crawl Stone Soup version 0.21-a0-578-gc6e9d75 (webtiles) character file.

247 Lanoc the Skirmisher (level 6, -3/51 HPs)
             Began as a Formicid Chaos Knight on Dec 18, 2017.
             Slain by an ogre
             ... wielding a +2 giant club of chaos
              (8 damage)
             ... on level 4 of the Dungeon.
             The game lasted 00:08:53 (2182 turns).

Lanoc the Skirmisher (Formicid Chaos Knight)        Turns: 2182, Time: 00:08:53

Health: -3/51      AC:  5    Str: 16    XL:     6   Next: 34%
Magic:  6/6        EV:  9    Int: 12    God:    Xom [.*....]
Gold:   121        SH: 13    Dex: 12    Spells: 5/5 levels left

rFire    . . .     SeeInvis +   a - +0 hand axe (chaos)
rCold    . . .     Gourm    .   q - +0 large shield (curse)
rNeg     . . .     Faith    .   b - +2 leather armour
rPois    .         Spirit   .   (helmet unavailable)
rElec    .         Reflect  .   (no cloak)
rCorr    .         Harm     .   (no gloves)
MR       .....                  (no boots)
Stlth    +.........             (no amulet)
HPRegen  0.17/turn              (no ring)
MPRegen  0.10/turn              (no ring)

@: no status effects
A: permanent stasis, dig shafts and tunnels, four strong arms, antennae 3
a: Dig, Shaft Self, Renounce Religion


You were on level 4 of the Dungeon.
You worshipped Xom.
You were a plaything of Xom.
You were not hungry.

You visited 1 branch of the dungeon, and saw 4 of its levels.

You collected 121 gold pieces.

Inventory:

Hand Weapons
 a - a +0 hand axe of chaos (weapon)
 t - a +0 hunting sling
Missiles
 d - 8 steel tomahawks (quivered)
 g - 53 sling bullets
Armour
 b - a +2 leather armour (worn)
 q - a cursed +0 large shield (worn)
Scrolls
 e - a scroll of enchant armour {unknown}
 h - 6 scrolls of identify {unknown}
 j - 2 scrolls of magic mapping {unknown}
 k - 2 scrolls of amnesia {unknown}
 l - 2 scrolls of enchant weapon {unknown}
 m - 3 scrolls of teleportation {unknown}
 p - 2 scrolls of remove curse {unknown}
 r - a scroll of blinking {unknown}
Potions
 f - 2 potions of haste {unknown}
 i - 2 potions of curing {unknown}
 n - a potion of agility {unknown}
 o - a potion of degeneration {unknown}
 u - a potion of berserk rage {unknown}
Comestibles
 c - 7 rations
 s - 16 chunks of flesh


   Skills:
 + Level 5.2 Fighting
 + Level 4.8 Axes
 + Level 4.7 Armour
 + Level 3.3 Dodging
 + Level 4.0 Shields


You had 5 spell levels left.
You didn't know any spells.

Dungeon Overview and Level Annotations

Branches:
Dungeon (4/15)
 Temple: D:4-7

Altars:
Ashenzari
Cheibriados
Ru
Vehumet
Wu Jian
Xom
Yredelemnul
The Shining One


Innate Abilities, Weirdness & Mutations

You cannot be hasted, slowed, berserked, paralysed or teleported.
You can dig through walls and to a lower floor.
Your four strong arms can wield two-handed weapons with a shield.
You have a pair of large antennae on your head. (SInv)


Message History

You open the door.
An ogre comes into view. It is wielding a giant club.
The ogre shouts!
You hit the ogre. You freeze the ogre.
The ogre is lightly wounded.
The ogre barely misses you.
You slash the ogre!
The ogre seems to speed up.
Xom is mildly amused.
The ogre is heavily wounded.
The ogre hits you with a giant club!! You block the ogre's attack.
You hit the ogre.
The ogre is poisoned.
Distant voices call out to you!
The ogre is heavily wounded.
Xom's power touches on a nearby weapon.
The ogre's giant club is briefly surrounded by a scintillating aura of random colours.
The ogre hits you with a giant club of chaos!
* * * LOW HITPOINT WARNING * * *
You are electrocuted!
You die...
Xom howls with laughter!

######.......#
.............#
.............#
.........#####
.........#
#######..# #..
#..#
#...###..#
+...O@).>#
#...##)))# ###
#...# #...#
#...# #...#
#...# #...#
#...#


You could see an ogre.

Vanquished Creatures
  A howler monkey (D:4)
  Terence (D:3)
  Robin (D:4)
  A river rat (D:4)
  5 adders
  2 oozes
  2 worms (D:3)
  A dart slug (D:1)
  3 leopard geckos
  4 orcs (D:4)
  5 giant cockroaches
  18 goblins
  8 hobgoblins
  3 jackals (D:3)
  2 quokkas
  4 ball pythons (D:1)
  12 bats
  2 frilled lizards (D:1)
  9 kobolds
  7 rats
91 creatures vanquished.

Notes
Turn   | Place    | Note
-------+----------+-------------------------------------------
     0 | D:1      | Lanoc the Formicid Chaos Knight began the quest for the Orb.
     0 | D:1      | Reached XP level 1. HP: 18/18 MP: 1/1
     4 | D:1      | XOM: potion effect (experience)
     4 | D:1      | Reached skill level 4 in Fighting
     4 | D:1      | Reached XP level 2. HP: 26/26 MP: 2/2
     5 | D:1      | XOM: god gift: 8 steel tomahawks
    66 | D:1      | Reached XP level 3. HP: 32/32 MP: 3/3
   495 | D:1      | XOM: polymorph giant cockroach -> ball python
   604 | D:1      | You fall through a shaft!
   643 | D:2      | XOM: silly message
   644 | D:2      | Reached XP level 4. HP: 35/38 MP: 4/4
   681 | D:2      | XOM: harmless Fire miscast
   831 | D:2      | Found a shimmering altar of Xom.
   834 | D:2      | XOM: mild Air miscast
  1052 | D:2      | XOM: medium Erth miscast
  1139 | D:3      | Found a basalt altar of Yredelemnul.
  1166 | D:3      | Reached skill level 5 in Fighting
  1435 | D:3      | Noticed Terence
  1438 | D:3      | Killed Terence
  1438 | D:3      | Reached XP level 5. HP: 44/44 MP: 5/5
  1448 | D:3      | Found a shimmering altar of Xom.
  1448 | D:3      | Found a shattered altar of Ashenzari.
  1449 | D:3      | Found a radiant altar of Vehumet.
  1449 | D:3      | Found an ornate altar of the Wu Jian Council.
  1450 | D:3      | Found a glowing golden altar of the Shining One.
  1450 | D:3      | Found a sacrificial altar of Ru.
  1454 | D:3      | Found a snail-covered altar of Cheibriados.
  1480 | D:3      | XOM: mild Tmut miscast
  1917 | D:4      | Noticed Robin
  1922 | D:4      | XOM: swap monsters
  1955 | D:4      | Killed Robin
  2014 | D:4      | Reached XP level 6. HP: 35/51 MP: 6/6
  2177 | D:4      | Noticed an ogre
  2182 | D:4      | XOM: chaos upgrade
  2182 | D:4      | Slain by an ogre

Vault maps used:
D:1:      onia_arrival_handbag
D:2:      brannock_xom_greatest_gift
D:3:      nicolae_overflow_crystal_walls, grunt_temple_overflow_open,
          grunt_decor_resistance, minivault_19, grunt_decor_arrowhead,
          uniq_terence
D:4:      minmay_temple_entry_statues_pillars, first_ration, uniq_robin

Skill      XL: |  1  2  3  4  5 |
---------------+----------------+-----
Fighting       | 4 5 |  5.2
Axes           | 4 |  4.8
Armour         | 4 |  4.7
Dodging        | 3 |  3.3
Shields        | 3 4 |  4.0

Action                   |  1- 3 |  4- 6 || total
-------------------------+-------+-------++-------
Melee: Hand axe          |    76 |   176 ||   252
 Abil: Dig               |       |     2 ||     2
 Stab: Paralysed         |     1 |     2 ||     3
  Eat: Ration            |       |     1 ||     1
       Chunk             |       |     1 ||     1
Armor: Leather armour    |    24 |    53 ||    77
Dodge: Dodged            |    67 |    86 ||   153
Block: Large shield      |       |    81 ||    81

Table legend:
 A = Spawn XP
 B = Non-spawn XP
 C = Spawn XP percentage of total XP
 D = Spawn monster count
 E = Non-spawn monster count
 F = Spawn count percentage of total count
 G = Total turns spent on level
                    A         B        C        D         E        F      G
               +---------+---------+-------+---------+---------+-------+---------
         Total |       0 |     345 |   0.0 |       0 |      91 |   0.0 |  2182
               +---------+---------+-------+---------+---------+-------+---------
           D:1 |       0 |      53 |   0.0 |       0 |      30 |   0.0 |   604
           D:2 |       0 |      24 |   0.0 |       0 |       8 |   0.0 |   530
           D:3 |       0 |      87 |   0.0 |       0 |      27 |   0.0 |   619
           D:4 |       0 |     181 |   0.0 |       0 |      26 |   0.0 |   429
               +---------+---------+-------+---------+---------+-------+---------
